 Dungeon Crawl Stone Soup version 0.21-a0-71-g5e5ddd2 (webtiles) character file.

856 Ijustatesigmund the Cutter (level 8, -5/57 HPs)
             Began as an Octopode Artificer on June 19, 2017.
             Slain by a water moccasin (7 damage)
             ... on level 5 of the Dungeon.
             The game lasted 00:18:13 (4734 turns).

Ijustatesigmund the Cutter (Octopode Artificer)     Turns: 4734, Time: 00:18:13

Health: -5/57      AC:  3    Str: 13    XL:     8   Next: 2%
Magic:  10/10      EV: 14    Int: 13    God:
Gold:   197        SH:  0    Dex: 15    Spells: 7/7 levels left

rFire    . . .     SeeInvis .   r - +1 short sword (vamp)
rCold    . . .     Gourm    .   (no shield)
rNeg     . . .     Faith    .   (helmet restricted)
rPois    .         Spirit   .   (no amulet)
rElec    .         Reflect  .   u - ring of flight
rCorr    .         Harm     .   (no ring)
MR       .....                  (no ring)
Stlth    +++.......             (no ring)
HPRegen  0.19/turn              (no ring)
MPRegen  0.12/turn              (no ring)
                                (no ring)
                                (no ring)

@: no status effects
A: almost no armour, stealthy swim, amphibious, 8 rings, constrict 8, slimy
green scales 1, camouflage 1, strong 1, gelatinous body 1
a: Evoke Flight


You were on level 5 of the Dungeon.
You were not hungry.

You visited 1 branch of the dungeon, and saw 5 of its levels.
You also visited: Sewer.

You collected 197 gold pieces.

Inventory:

Hand Weapons
 a - a +0 short sword
 r - a +1 vampiric short sword (weapon)
Jewellery
 u - a ring of flight (left tentacle)
Wands
 b - a wand of flame (4/48)
 c - a wand of enslavement (14/24)
 d - a wand of random effects (0/48)
Scrolls
 f - a scroll of enchant armour
 h - a scroll of remove curse
 i - a scroll of random uselessness {unknown}
 m - a scroll of blinking
 o - a scroll of fear
 q - 3 scrolls of identify
 s - a scroll of teleportation
Potions
 e - a potion of lignification
 l - a potion of haste
 n - a potion of brilliance
 v - a potion of flight {unknown}
Comestibles
 g - a meat ration
 j - 8 fruits
 k - 3 chunks of flesh
 t - 2 bread rations


   Skills:
 + Level 5.8 Fighting
 + Level 6.2 Short Blades
 + Level 2.2 Dodging
 + Level 2.3 Stealth
 - Level 3.2 Evocations


You had 7 spell levels left.
You didn't know any spells.

Dungeon Overview and Level Annotations

Branches:
Dungeon (5/15)
 Temple: D:4-7

Altars:
Elyvilon
Xom
Zin

Annotations:
D:4 HAL9000's ghost, novice OgHu


Innate Abilities, Weirdness & Mutations

You cannot wear most types of armour.
You are very stealthy in the water. (Stealth+)
You are amphibious.
You can wear up to eight rings at the same time.
You can use your tentacles to constrict eight enemies at once.
Your skin changes colour to match your surroundings (Stealth+).
Your rubbery body absorbs attacks. (AC +1, EV +1)
You are partially covered in slimy green scales. (AC +2)
Your muscles are strong. (Str +2)


Message History

The water moccasin poisons you!
You feel better.
You constrict the water moccasin.
The water moccasin bites you but does no damage.
The water moccasin bites you.
* * * LOW HITPOINT WARNING * * *
You hit the water moccasin.
You feel better.
The water moccasin is heavily wounded.
You constrict the water moccasin. The water moccasin bites you!
* * * LOW HITPOINT WARNING * * *
You hit the water moccasin but do no damage.
The water moccasin is heavily wounded.
You constrict the water moccasin. The water moccasin misses you.
You hit the water moccasin but do no damage.
The water moccasin is severely wounded.
You constrict the water moccasin. The water moccasin bites you.
* * * LOW HITPOINT WARNING * * *
You hit the water moccasin.
The water moccasin is almost dead.
You constrict the water moccasin. The water moccasin bites you!
You die...

#..≈≈≈≈
♣...≈≈≈
♣......
♣.....
♣♣.).♣♣
♣♣.....♣♣
♣♣....†)S♣♣
♣)..≈≈≈@[.♣
♣♣..≈≈≈≈≈..♣♣
♣...≈≈_≈≈...♣
♣♣..≈≈≈≈≈..♣♣
♣...≈≈≈...♣
#######
♣♣.......♣♣
#......
♣♣.....♣♣
#####.####.
♣♣...♣♣
#..........
♣♣.....♣♣
#.....###.


You could see a water moccasin.

Vanquished Creatures
  Grinder (D:3)
  An ogre (D:4)
  A scorpion (D:4)
  A howler monkey (D:4)
  A crimson imp (D:4)
  2 orc priests (D:5)
  3 orc wizards
  Crazy Yiuf (D:3)
  3 worker ants (D:4)
  Robin (D:3)
  5 adders
  An adder zombie (D:5)
  A worm (D:2)
  A dart slug (D:2)
  3 leopard geckos
  15 orcs
  7 giant cockroaches
  10 goblins
  6 hobgoblins
  11 jackals
  4 ball pythons
  5 bats
  11 frilled lizards
  20 kobolds
  10 rats
125 creatures vanquished.

Vanquished Creatures (collateral kills)
  A worm (D:3)
  2 goblins (D:3)
  3 kobolds (D:4)
6 creatures vanquished.

Vanquished Creatures (others)
  A big kobold (D:4)
  A bullfrog skeleton (D:4)
  A goblin (D:3)
  6 kobolds (D:4)
9 creatures vanquished.

Grand Total: 140 creatures vanquished

Notes
Turn   | Place    | Note
-------+----------+-------------------------------------------
     0 | D:1      | Ijustatesigmund the Octopode Artificer began the quest for the Orb.
     0 | D:1      | Reached XP level 1. HP: 13/13 MP: 3/3
   173 | D:1      | Reached XP level 2. HP: 17/18 MP: 4/4
   470 | D:1      | Reached skill level 2 in Short Blades
   558 | D:1      | Reached XP level 3. HP: 24/24 MP: 5/5
  1154 | D:3      | Reached XP level 4. HP: 12/31 MP: 6/6
  1160 | D:3      | Reached skill level 3 in Short Blades
  1346 | D:3      | Noticed Grinder
  1355 | D:3      | Reached XP level 5. HP: 24/36 MP: 7/7
  1358 | D:3      | Gained mutation: Your muscles are strong. (Str +2) [potion of mutation]
  1358 | D:3      | Gained mutation: You are partially covered in slimy green scales. (AC +2) [potion of mutation]
  1361 | D:3      | Paralysed by Grinder for 2 turns
  1555 | D:4      | Found a glowing drain.
  1568 | Sewer    | Entered a sewer
  1844 | Sewer    | Noticed Purgy
  2540 | Sewer    | HP: 1/36 [Purgy (5)]
  3007 | D:4      | Reached skill level 4 in Short Blades
  3007 | D:4      | Reached XP level 6. HP: 27/43 MP: 8/8
  3372 | D:4      | Found a shimmering altar of Xom.
  3373 | D:4      | Noticed an angel
  3376 | D:4      | Reached skill level 5 in Short Blades
  3382 | D:4      | Found a glowing silver altar of Zin.
  3387 | D:4      | Reached XP level 7. HP: 47/49 MP: 9/9
  3475 | D:4      | Noticed HAL9000's ghost (novice OgHu)
  3504 | D:3      | Noticed Robin
  3525 | D:3      | Killed Robin
  3663 | D:3      | Killed Grinder
  3663 | D:3      | Reached skill level 5 in Fighting
  3956 | D:3      | Found a runed door.
  3960 | D:3      | Noticed Crazy Yiuf
  3965 | D:3      | Killed Crazy Yiuf
  3965 | D:3      | Reached skill level 6 in Short Blades
  4394 | D:5      | Entered Level 5 of the Dungeon
  4705 | D:5      | Found a white marble altar of Elyvilon.
  4728 | D:5      | Reached XP level 8. HP: 16/57 MP: 10/10
  4733 | D:5      | HP: 2/57 [water moccasin (3)]
  4734 | D:5      | Slain by a water moccasin

Vault maps used:
D:1:      dpeg_arrival_rooms_b
D:2:      nicolae_dithmenos_shadow_blocks, grunt_temple_overflow_open,
          uniq_natasha
D:3:      uniq_robin, uniq_grinder, uniq_crazy_yiuf_cottage
D:4:      kennysheep_kobold_camp, grunt_temple_overflow_order_and_chaos_1,
          portal_sewer_entry_a
D:5:      elyvilon_altar_3, temple_green, first_bread, xom_redecorated,
          uniq_duvessa
Sewer:    sewer_co_purgy_island

Skill      XL: |  1  2  3  4  5  6  7 |
---------------+----------------------+-----
Short Blades   | 2 3 4 5 6 |  6.2
Fighting       | 2 3 4 5 |  5.8
Stealth        | 2 |  2.3
Dodging        | |  2.2
Evocations     | |  3.2

Action                   |  1- 3 |  4- 6 |  7- 9 || total
-------------------------+-------+-------+-------++-------
Melee: Short sword       |    91 |   110 |   130 ||   331
       Constrict         |    25 |    23 |    30 ||    78
       Tentacles         |    12 |    26 |    27 ||    65
Evoke: Wand              |       |    33 |     3 ||    36
  Use: Scroll            |     3 |     6 |     4 ||    13
       Potion            |       |     4 |     2 ||     6
 Stab: Sleeping          |     8 |     7 |     4 ||    19
       Distracted        |       |       |     1 ||     1
  Eat: Chunk             |     1 |     5 |     4 ||    10
       Royal jelly       |       |     1 |       ||     1
       Bread ration      |       |     1 |       ||     1
Armor: Skin              |     4 |    20 |    19 ||    43
Dodge: Dodged            |    50 |    67 |    66 ||   183
